 Dungeon Crawl Stone Soup version 0.26-a0-682-g294304f6e8 (webtiles) character file.

Game seed: 6846919649039381298

2648 Decritt the Fighter (level 9, -3/81 HPs)
             Began as a Minotaur Fighter on Oct 20, 2020.
             Slain by an orc warrior
             ... wielding a +0 long sword
              (15 damage)
             ... on level 6 of the Dungeon.
             The game lasted 00:17:49 (7326 turns).

Decritt the Fighter (Minotaur Fighter)              Turns: 7326, Time: 00:17:49

Health: -3/81      AC:  9    Str: 21    XL:     9   Next: 36%
Magic:  8/8        EV: 12    Int:  5    God:
Gold:   217        SH: 11    Dex: 13    Spells: 8/8 levels left

rFire    . . .     SeeInvis .   u - +3 spear
rCold    . . .     Faith    .   c - +0 kite shield
rNeg     . . .     Spirit   .   h - +1 ring mail {MR+}
rPois    .         Reflect  .   (helmet restricted)
rElec    .         Harm     .   (no cloak)
rCorr    .         Rampage  .   l - +0 pair of gloves
MR       +....                  (no boots)
Stlth    +.........             (no amulet)
HPRegen  0.23/turn              (no ring)
MPRegen  0.11/turn              (no ring)

@: no status effects
A: retaliatory headbutt, horns 2
a: no special abilities


You were on level 6 of the Dungeon.
You visited 2 branches of the dungeon, and saw 7 of its levels.

You collected 217 gold pieces.

Inventory:

Hand Weapons
 a - a +0 war axe
 q - a +0 morningstar
 u - a +3 spear (weapon)
Missiles
 m - 3 boomerangs (quivered)
Armour
 c - a +0 kite shield (worn)
 h - a +1 ring mail of magic resistance (worn)
 l - a +0 pair of gloves (worn)
 o - a +3 ring mail
Wands
 r - a wand of iceblast (5)
Scrolls
 e - a scroll of fear {unknown}
 g - a scroll of enchant weapon
 j - 6 scrolls of remove curse
 n - a scroll of noise {unknown}
 p - 2 scrolls of teleportation {unknown}
 s - 3 scrolls of enchant armour {unknown}
Potions
 b - a potion of brilliance
 f - a potion of ambrosia
 i - a potion of stabbing
 k - a potion of flight
 t - a potion of curing


   Skills:
 + Level 8.1 Fighting
 + Level 7.7 Axes
 * Level 7.4 Armour
 * Level 5.8 Dodging
 * Level 7.5 Shields


You had 8 spell levels left.
You didn't know any spells.
Your spell library was empty.

Dungeon Overview and Level Annotations

Branches:
Dungeon (6/15)             Temple (1/1) D:6

Altars:
Ashenzari
Cheibriados
Dithmenos
Elyvilon
Fedhas
Hepliaklqana
Kikubaaqudgha
Makhleb
Nemelex Xobeh
Qazlal
Ru
Sif Muna
Trog
Uskayaw
Wu Jian
Yredelemnul
Zin


Innate Abilities, Weirdness & Mutations

You reflexively headbutt those who attack you in melee.
You have a pair of horns on your head.


Message History

You hit the orc warrior but do no damage.
You headbutt the orc warrior, but do no damage.
The orc warrior is almost dead.
You block the gnoll sergeant's attack. You block the orc warrior's attack.
Unknown command.
You hit the orc warrior but do no damage.
The orc warrior blocks your attack.
The orc warrior is almost dead.
The gnoll sergeant closely misses you. The orc warrior blocks your attack.
The orc warrior is almost dead.
The orc warrior hits you with a +0 falchion!
* * * LOW HITPOINT WARNING * * *
You block the gnoll sergeant's attack.
You hit the orc warrior.
You kill the orc warrior!
You block the gnoll sergeant's attack. The orc warrior blocks your attack.
Your headbutt misses the orc warrior.
The orc warrior hits you with a +0 long sword!
You die...

.. ... .. ... ####. ....
.## ....#######.... ...
............. ...
#..#....### ...
#.#og)...# ...
##.@##....# ...
........##....#
........##....#
.........#....# ......._
.......#.##.####......#.
.......#..#'####........
....... #......#........
....... #......#........
#......#........


You could see an orc warrior and a gnoll sergeant.

Vanquished Creatures
  Pikel (D:4)
  Eustachio (D:5)
  Menkaure (D:5)
  Duvessa (D:4)
  4 orc warriors
  3 ice beasts (D:6)
  An ogre (D:4)
  A centaur (D:5)
  A lemure (D:3)
  Blork the orc (D:4)
  A bullfrog (D:6)
  A scorpion (D:4)
  Dowan (D:4)
  4 wights (D:6)
  A vampire bat (D:3)
  A howler monkey (D:6)
  2 bullfrog zombies (D:5)
  Crazy Yiuf (D:4)
  2 hounds
  A centaur skeleton (D:5)
  3 orc priests (D:6)
  2 orc wizards (D:6)
  A worker ant (D:6)
  Robin (D:2)
  3 adders
  A shadow imp (D:5)
  A white imp (D:6)
  2 adder skeletons
  A worm (D:2)
  3 fire bats (D:3)
  3 leopard geckos
  11 orcs
  2 spectral bats (D:3)
  A ball python (D:2)
  14 bats
  3 bat skeletons (D:3)
  A bat zombie (D:3)
  5 giant cockroaches
  17 hobgoblins
  6 jackals
  9 kobolds
  A quokka (D:4)
  A bat simulacrum (D:3)
  6 frilled lizards
  13 goblins
  2 leopard gecko skeletons
  8 rats
151 creatures vanquished.

Notes
Turn   | Place    | Note
-------+----------+-------------------------------------------
     0 | D:1      | Decritt the Minotaur Fighter began the quest for the Orb.
     0 | D:1      | Reached XP level 1. HP: 19/19 MP: 0/0
   173 | D:1      | Reached XP level 2. HP: 22/27 MP: 1/1
   257 | D:1      | Reached skill level 4 in Fighting
   846 | D:2      | Reached XP level 3. HP: 28/33 MP: 2/2
   940 | D:2      | Reached skill level 1 in Dodging
  1094 | D:2      | Noticed Robin
  1106 | D:2      | Killed Robin
  1106 | D:2      | Reached XP level 4. HP: 33/41 MP: 3/3
  1758 | D:3      | Reached XP level 5. HP: 47/47 MP: 4/4
  1785 | D:3      | Reached skill level 5 in Fighting
  3199 | D:4      | Noticed Pikel
  3199 | D:4      | Noticed a lemure
  3199 | D:4      | Noticed a lemure
  3199 | D:4      | Noticed a lemure
  3199 | D:4      | Noticed a lemure
  3209 | D:3      | Killed a lemure
  3255 | D:4      | HP: 2/48 [Pikel/+0 whip of freezing (3)]
  3275 | D:4      | Killed Pikel
  3275 | D:4      | Reached skill level 6 in Fighting
  3275 | D:4      | Reached skill level 5 in Axes
  3275 | D:4      | Reached skill level 5 in Armour
  3275 | D:4      | Reached skill level 5 in Shields
  3275 | D:4      | Reached XP level 6. HP: 20/57 MP: 5/5
  3275 | D:4      | Reached XP level 7. HP: 22/63 MP: 6/6
  3717 | D:4      | Found a runed translucent door.
  3718 | D:4      | Noticed Crazy Yiuf
  3838 | D:4      | Found an ornate altar of the Wu Jian Council.
  3987 | D:4      | Noticed Dowan
  3988 | D:4      | Noticed Duvessa
  3998 | D:4      | Killed Dowan
  4021 | D:4      | Killed Duvessa
  4430 | D:4      | Noticed Blork the orc
  4437 | D:4      | Killed Blork the orc
  4437 | D:4      | Reached skill level 7 in Fighting
  4437 | D:4      | Reached XP level 8. HP: 64/73 MP: 7/7
  4648 | D:4      | Killed Crazy Yiuf
  4710 | D:5      | Entered Level 5 of the Dungeon
  4865 | D:5      | Noticed Menkaure
  4872 | D:5      | Killed Menkaure
  5061 | D:5      | Noticed Eustachio
  5096 | D:5      | Killed Eustachio
  5288 | D:5      | Found a sparkling altar of Nemelex Xobeh.
  6140 | D:6      | Found a staircase to the Ecumenical Temple.
  6146 | Temple   | Entered the Ecumenical Temple
  6509 | D:6      | Found a blossoming altar of Fedhas.
  6532 | D:6      | HP: 3/74 [orc warrior/+0 great sword (12)]
  6543 | D:6      | Reached skill level 5 in Dodging
  6546 | D:6      | Reached XP level 9. HP: 23/81 MP: 8/8
  6568 | D:6      | HP: 3/81 [orc warrior/+0 hand axe (16)]
  6569 | D:6      | HP: 1/81 [orc wizard/+0 dagger (3)]
  6579 | Temple   | HP: 1/81 [orc warrior/+0 hand axe (2)]
  7070 | D:6      | Reached skill level 8 in Fighting
  7326 | D:6      | Slain by an orc warrior

Illustrated notes

Levels and vault maps discovered:
D:1:      dpeg_arrival_leaves_temple_mockup, layout_loops_cross, st_stairs_11,
          minmay_liquid_box, minmay_misc_feat_tiny, minivault_19,
          minmay_misc_feat_roman
D:2:      layout_loops_ring, chequers_serial_rivers_micro_a, uniq_robin
D:3:      minmay_general_purpose_star, layout_rooms, goddamned_bats
D:4:      layout_loops_cross, marbit_many_paths, uniq_blork_the_orc,
          uniq_crazy_yiuf_cottage, uniq_pikel, uniq_duvessa
D:5:      layout_basic, nemelex_spade_bored_becter, uniq_menkaure,
          uniq_eustachio
D:6:      layout_basic, lemuel_crystal_altar, temple_green, sword_in_stone,
          uniq_edmund
Temple:   regret_index_temple_waves

Skill      XL: |  1  2  3  4  5  6  7  8  9 |
---------------+----------------------------+-----
Fighting       | 4 6 7 8 |  8.1
Axes           | 3 4 5 6 7 |  7.7
Dodging        | 1 3 5 |  5.8
Armour         | 4 5 6 7 |  7.4
Shields        | 4 5 6 7 |  7.5

Action                   |  1- 3 |  4- 6 |  7- 9 || total
-------------------------+-------+-------+-------++-------
Melee: War axe           |    87 |    75 |       ||   162
       Headbutt          |     9 |    16 |    33 ||    58
       Morningstar       |       |    37 |    87 ||   124
       Spear             |       |       |   142 ||   142
       Falchion          |       |       |    29 ||    29
Throw: Boomerang         |       |       |    62 ||    62
  Use: Potion            |       |     7 |     3 ||    10
       Scroll            |       |     3 |     2 ||     5
Armor: Scale mail        |    36 |     5 |       ||    41
       Ring mail         |       |    80 |    69 ||   149
Dodge: Dodged            |    31 |    90 |   108 ||   229
Block: Kite shield       |    57 |    74 |   142 ||   273
       Rpst.: Falchion   |       |       |     2 ||     2

Table legend: (Time is in decaauts)
 A = Elapsed time spent in this place.
 B = Non-inter-level travel time spent in this place.
 C = Inter-level travel time spent in this place.
 D = Time resting spent in this place.
 E = Time spent auto-exploring this place.
 F = Levels seen in this place.
 G = Mean time per level.
                   A        B        C        D        E       F      G
               +--------+--------+--------+--------+--------+-----+--------+
         Total |   7466 |   7372 |     94 |   1576 |   4573 |   7 | 1066.6 |
       Dungeon |   6877 |   6783 |     94 |   1133 |   4442 |   6 | 1146.2 |
        Temple |    589 |    589 |      0 |    443 |    131 |   1 |  589.0 |
               +--------+--------+--------+--------+--------+-----+--------+

Top non-repeatable levels by time:
     D:3: 1664 daAuts
     D:4: 1490 daAuts
     D:5: 1415 daAuts
     D:2: 857 daAuts
     D:1: 799 daAuts
     D:6: 649 daAuts
  Temple: 589 daAuts
